AoeStats
← Ryzeres

Four Lakes

509336392Analyzed
1v1 RM · 6d ago on Sep 26, 2026· 41m 43s· 2 players
Game mode
Random Map
Map size
Tiny (2 player)
Population
200
Speed
Normal
Resources
Standard
Victory
Conquest
Starting age
Dark Age
Ending age
Imperial Age
RankedLock teamsTeams togetherTeam positionsShared explorationLock speedFull tech treeHidden civsTurbo modeCheats
Victory
Defeat
🇩🇪 Varangians · Germany
1263
+16
🇩🇪 Varangians · Germany
1256
-16
Ryzeres
12:03 Feudal Age
10:21 Loom
13:49 Town Watch
16:43 Castle Age
15:35 Scale Barding Armor
15:48 Double-Bit Axe
15:49 Fishing Lines
17:11 Gold Mining
17:34 Bloodlines
18:25 Forging
20:11 Fletching
21:50 Gillnets
23:18 Chain Barding Armor
23:13 Pikeman
26:10 Scale Mail Armor
33:57 Iron Casting
34:06 Husbandry
41:37 Imperial Age
mark
4:55 Loom
11:18 Feudal Age
14:40 Bloodlines
16:32 Castle Age
15:08 Scale Barding Armor
15:14 Forging
19:13 Iron Casting
20:09 Husbandry
21:53 Fishing Lines
31:01 Fletching
35:28 Imperial Age
32:46 Town Watch
36:08 Wheelbarrow
39:13 Bodkin Arrow
Connection lost

Rejoining the realm…

Still unreachable

The connection could not be restored.

Session expired

The server has moved on; the page needs a fresh start.